Map: Ever Dream LE

Players

Scarlett - Winner!

  • Race: Zerg Zerg
  • Spawn Location: 7:00

Namshar

  • Race: Zerg Zerg
  • League: Master
  • Spawn Location: 1:00

Event: DreamHack SC2 Masters 2020 Summer North America

VOD

Have the link to the VOD?

Description

Time

  • Played on: July 10, 2020, 4:27 p.m.
  • Length: 7:54

All games in this series

Show
View Real Time Build Order
Export as new Build Order

Scarlett Zerg - Winner!

Build Orders: Hatch First, Roach Nydus 

Get SALT Encoding   

  12  0:00  Drone  
  13  0:13  Overlord  
  13  0:18  Drone  
  14  0:31  Drone x2  
  16  0:47  Hatchery  
  15  0:51  Drone  
  15  0:54  Drone  
  17  0:57  Drone  
  18  1:09  Extractor  
  17  1:12  Spawning Pool  
  17  1:16  Drone  
  17  1:19  Drone  
  18  1:28  Drone  
  19  1:39  Drone  
  20  1:50  Drone  
  21  1:59  Queen x2  
  21  2:00  Drone  
  21  2:01  Overlord  
  26  2:09  Metabolic Boost  
  26  2:11  Drone  
  26  2:13  Drone  
  28  2:21  Drone  
  28  2:22  Drone  
  30  2:34  Hatchery  
  29  2:38  Queen  
  29  2:43  Drone  
  32  2:45  Overlord  
  32  2:50  Drone  
  33  2:53  Baneling Nest  
  33  2:55  Drone  
  33  2:57  Zergling x2  
  34  3:02  Zergling x2  
  35  3:07  Drone x3  
  35  3:09  Drone  
  35  3:12  Drone  
  40  3:15  Drone  
  40  3:19  Drone x2  
  43  3:22  Overlord  
  43  3:30  Zergling x2  
  45  3:41  Drone x6  
  45  3:42  Evolution Chamber  
  45  3:43  Baneling  
  45  3:46  Extractor  
  45  3:47  Extractor  
  45  3:48  Drone x4  
  51  3:56  Lair  
  51  4:02  Roach Warren  
  50  4:08  Zerg Missile Weapons Level 1  
  50  4:09  Drone x3  
  55  4:10  Drone x2  
  55  4:16  Overlord  
  55  4:17  Drone x2  
  55  4:23  Overlord  
  55  4:24  Drone  
  58  4:29  Overlord  
  58  4:35  Extractor  
  58  4:36  Drone x6, Extractor  
  62  4:40  Drone x2  
  62  4:43  Drone  
  65  4:46  Overlord  
  65  4:52  Baneling  
  65  4:54  Roach x5  
  65  4:58  Glial Reconstitution  
  75  5:13  Roach  
  75  5:14  Roach x5, Nydus Network  
  86  5:23  Overlord x3  
  86  5:29  Roach x2  
  90  5:39  Overlord  
  102  5:42  Roach  
  102  5:43  Roach x7  
  106  5:51  Nydus Canal  
  106  5:54  Overlord  
  106  5:55  Roach x4  
  114  6:03  Roach x4  
  120  6:12  Nydus Canal  
  120  6:14  Roach x4  
  130  6:18  Roach  
  129  6:26  Roach  
  129  6:30  Roach x4  
  129  6:39  Roach  
  127  6:40  Roach  
  127  6:43  Roach, Overlord x2  
  127  6:46  Roach  
  127  6:50  Roach x4  
  123  6:54  Roach x2  
  119  7:02  Roach x6  
  119  7:04  Roach  
  119  7:05  Roach  
  123  7:09  Roach x2  
  111  7:26  Roach x7  
  117  7:34  Nydus Canal  
  117  7:35  Roach x2  
Show
View Real Time Build Order
Export as new Build Order

Namshar Zerg 

Build Orders: Hatch First 

Get SALT Encoding   

  12  0:00  Drone  
  13  0:12  Overlord  
  13  0:16  Drone  
  14  0:30  Drone x2  
  16  0:47  Hatchery  
  15  0:50  Drone  
  15  0:54  Drone  
  17  0:57  Drone  
  18  1:08  Extractor  
  17  1:13  Spawning Pool  
  17  1:16  Drone  
  17  1:19  Drone  
  18  1:28  Drone  
  19  1:39  Drone  
  20  1:49  Drone  
  21  1:59  Drone, Queen x2  
  21  2:00  Overlord  
  26  2:10  Drone  
  26  2:11  Drone  
  26  2:12  Metabolic Boost  
  28  2:21  Drone  
  28  2:22  Drone  
  30  2:33  Hatchery  
  30  2:34  Drone  
  30  2:35  Drone  
  31  2:41  Queen  
  33  2:48  Baneling Nest  
  33  2:50  Overlord  
  32  2:55  Drone x2  
  32  2:57  Zergling x2  
  35  3:04  Zergling x2  
  36  3:12  Drone x2, Zergling x4  
  40  3:15  Zergling x2  
  40  3:19  Overlord  
  41  3:25  Drone x3  
  44  3:33  Baneling x2  
  44  3:36  Evolution Chamber  
  44  3:39  Drone x3  
  44  3:40  Drone x2  
  48  3:47  Drone x3  
  51  3:52  Overlord  
  51  3:55  Drone x2  
  53  4:01  Zerg Missile Weapons Level 1, Drone  
  53  4:02  Drone x2  
  56  4:09  Zergling x2  
  57  4:11  Overlord  
  57  4:12  Drone x4  
  61  4:18  Lair  
  61  4:20  Roach Warren  
  60  4:25  Extractor  
  60  4:28  Drone x6  
  64  4:32  Extractor  
  63  4:40  Overlord  
  63  4:41  Drone x6  
  69  4:52  Overlord x3  
  69  4:53  Pneumatized Carapace  
  69  4:59  Extractor  
  68  5:01  Drone x5  
  68  5:04  Extractor  
  68  5:06  Drone x5  
  77  5:07  Extractor  
  77  5:13  Drone  
  77  5:15  Overseer  
  77  5:17  Glial Reconstitution  
  77  5:23  Hatchery  
  77  5:25  Drone x2  
  77  5:26  Drone  
  79  5:30  Overlord x2  
  79  5:38  Drone  
  79  5:39  Roach x8  
  96  5:46  Overlord  
  96  5:47  Overlord  
  96  5:50  Spine Crawler  
  96  5:51  Roach x2, Spine Crawler  
  99  5:58  Roach x7  
  112  6:04  Overlord x2  
  112  6:05  Roach x2  
  112  6:11  Roach x2  
  120  6:20  Roach  
  120  6:21  Roach  
  124  6:29  Roach x4  
  116  6:35  Roach  
  116  6:36  Roach x4  
  118  6:42  Roach  
  118  6:43  Roach  
  118  6:46  Roach  
  118  6:51  Roach x4  
  114  6:56  Roach x2  
  114  7:00  Roach  
  107  7:04  Roach x2  
  107  7:07  Roach x3  
  103  7:13  Roach  
  97  7:16  Roach x2  
  97  7:20  Roach x3  
  103  7:24  Roach  
  103  7:28  Roach  
  103  7:29  Roach  
  99  7:34  Roach  
Tags
 
Add a new tag
Caveats
  • Supply blocks, unpowered buildings, or Contaminate may cause inaccurate times.
  • Supply counts are checked every 10 seconds.